 Dungeon Crawl Stone Soup version 0.13-a0-3110-gf6e36dc (webtiles) character file.

157 PolkaDot the Sneak (level 4, -1/25 (28) HPs)
             Began as a Vampire Wizard on Sept 20, 2013.
             Slain by Crazy Yiuf
             ... wielding a +3,+4 quarterstaff of chaos
              (10 damage)
             ... on Level 2 of the Dungeon.
             The game lasted 00:06:31 (1657 turns).

PolkaDot the Sneak (Vampire Wizard)                 Turns: 1657, Time: 00:06:31

HP  -1/25 (28)   AC  2     Str  6      XL: 4   Next:  5%
MP   9/12        EV 12     Int 21      God:
Gold 86          SH  0     Dex 12      Spells:  3 memorised,  2 levels left

Res.Fire  : . . .   See Invis. : +   h - +2,+4 mace
Res.Cold  : . . .   Warding    : .   a - +0 robe
Life Prot.: . . .   Conserve   : .   (no shield)
Res.Poison: .       Res.Corr.  : .   b - +0 wizard hat
Res.Elec. : .       Clarity    : .   (no cloak)
Sust.Abil.: . .     Spirit.Shd : .   (no gloves)
Res.Mut.  : .       Stasis     : .   (no boots)
Res.Rott. : .       Flight     : .   (no amulet)
Saprovore : . . .                    (no ring)
                                     (no ring)

@: regenerating quickly, slightly resistant to hostile enchantments, stealthy
A: fangs 3, see invisible, unbreathing
a: no special abilities


You were on level 2 of the Dungeon.
You were full.

You visited 1 branch of the dungeon, and saw 2 of its levels.

You collected 66 gold pieces.

Inventory:

Hand weapons
 h - a +2,+4 mace (weapon)
Armour
 a - a +0 robe (worn)
 b - a +0 wizard hat (worn)
Scrolls
 e - a scroll of random uselessness {unknown}
 f - a scroll of curse weapon {unknown}
 g - a scroll of identify {unknown}
 i - a scroll of amnesia {unknown}
 j - 2 scrolls of remove curse {unknown}
Potions
 d - a potion of blood
 k - 2 potions of heal wounds {unknown}
Books
 c - a book of Minor Magic

   Spells                             Type                      Level
   *Magic Dart                        Conjuration                  1
   Blink                              Translocation                2
   Call Imp                           Summoning                    2
   Repel Missiles                     Charms/Air                   2
   Slow                               Hexes                        2
   *Conjure Flame                     Conjuration/Fire             3
   *Mephitic Cloud                    Conjuration/Poison/Air       3


   Skills:
 - Level 2.1 Dodging
 - Level 3.0 Stealth
 - Level 3.0 Spellcasting
 * Level 2.9 Conjurations
   Level 1.0 Summonings
   Level 0.7 Translocations


You had 2 spell levels left.
You knew the following spells:

 Your Spells              Type           Power        Failure   Level  Hunger
a - Magic Dart            Conj           ###.         4%          1    None
d - Mephitic Cloud        Conj/Pois/Air  #.......     30%         3    ###....
s - Conjure Flame         Conj/Fire      #.......     24%         3    ###....


Dungeon Overview and Level Annotations

Branches:
Dungeon (2/27)

Altars:
Zin

Annotations:
D:2 Crazy Yiuf


Innate Abilities, Weirdness & Mutations

Your natural rate of healing is unusually fast.
You have razor-sharp teeth.*
You have supernaturally acute eyesight.
You can survive without breathing.*


Message History

The beam explodes into a vile cloud!
The stinking cloud engulfs Crazy Yiuf.
The stinking cloud engulfs you!
Crazy Yiuf is engulfed in noxious fumes.
Crazy Yiuf appears confused.
You hit Crazy Yiuf.
Crazy Yiuf is moderately wounded.
Crazy Yiuf is engulfed in noxious fumes.
Crazy Yiuf appears confused.
Crazy Yiuf barely misses you.
You hit Crazy Yiuf but do no damage.
Crazy Yiuf is moderately wounded.
Crazy Yiuf is engulfed in noxious fumes.
Crazy Yiuf appears confused.
Crazy Yiuf hits you with a quarterstaff of chaos!
Ouch! That really hurt!
You hit Crazy Yiuf. You bite Crazy Yiuf, but do no damage.
Crazy Yiuf is heavily wounded.
Crazy Yiuf is engulfed in noxious fumes.
Crazy Yiuf appears confused.
Crazy Yiuf hits you with a quarterstaff of chaos!
You die...

#....#
##.#.###....
#....#
#..#.####.##
##...#
####......#
##.##
######.#
##.# ##'##
#.## ##...#
##.# ##..)..
#.##
##...... #@#
#####.......
#.g.#
#...'.......
#...#
#.###.......
#)..# #.#
##......
##### #.#
##..... #.#
##...#
###### #.#
##'##
#.##.###.#
#.#
#........#
#.#


You could see Crazy Yiuf (confused).

Vanquished Creatures
  Jessica (D:2)
  Terence (D:2)
  A worm (D:2)
  2 ball pythons (D:1)
  5 bats
  A goblin (D:2)
  4 hobgoblins
  6 jackals (D:2)
  3 kobolds
  2 giant cockroaches
  3 giant newts (D:1)
  6 rats
35 creatures vanquished.

Notes
Turn   | Place    | Note
--------------------------------------------------------------
     0 | D:1      | PolkaDot, the Vampire Wizard, began the quest for the Orb.
     0 | D:1      | Reached XP level 1. HP: 11/11 MP: 6/6
   110 | D:1      | Reached skill level 1 in Conjurations
   260 | D:1      | Reached XP level 2. HP: 17/17 MP: 0/8
   930 | D:2      | Found a glowing silver altar of Zin.
   992 | D:2      | Reached XP level 3. HP: 22/22 MP: 0/10
  1121 | D:2      | Noticed Jessica
  1132 | D:2      | Killed Jessica
  1247 | D:2      | Noticed Terence
  1253 | D:2      | Learned a level 3 spell: Conjure Flame
  1257 | D:2      | Learned a level 3 spell: Mephitic Cloud
  1278 | D:2      | Killed Terence
  1465 | D:2      | Reached XP level 4. HP: 22/25 MP: 6/12
  1650 | D:2      | Noticed Crazy Yiuf
  1657 | D:2      | Slain by Crazy Yiuf

Action                   |  1- 3 |  4- 6 || total
-------------------------+-------+-------++-------
Melee: Unarmed           |    22 |       ||    22
       Mace              |       |     3 ||     3
 Cast: Magic Dart        |    89 |    10 ||    99
       Mephitic Cloud    |     1 |     1 ||     2
  Use: Potion            |     1 |       ||     1
 Stab: Confused          |     2 |       ||     2
